 Dungeon Crawl Stone Soup version 0.30-a0-591-g3c58d2bc28 (webtiles) character file.

Game seed: 7079936898787899352

43 OTABOTABOTAB the Ruffian (level 3, 0/28 HPs)
             Began as a Draconian Transmuter on Jan 4, 2023.
             Slain by Terence
             ... wielding a +5 short sword of speed
              (10 damage)
             ... on level 2 of the Dungeon.
             The game lasted 00:05:12 (1354 turns).

OTABOTABOTAB the Ruffian (Draconian Transmuter)     Turns: 1354, Time: 00:05:13

Health: 0/28       AC:  5    Str: 12    XL:     3   Next: 37%
Magic:  5/6        EV: 12    Int: 15    God:
Gold:   68         SH:  0    Dex: 11    Spells: 3/6 levels left

rFire   . . .      SeeInvis .      - Unarmed
rCold   . . .      Faith    .    (no shield)
rNeg    . . .      Spirit   .    (body armour unavailable)
rPois   .          Reflect  .    (helmet restricted)
rElec   .          Harm     .    (no cloak)
rCorr   .          Rampage  .    (no gloves)
Will    .....                    (no boots)
Stlth   +                        (no amulet)
HPRegen 0.24/turn                (no ring)
MPRegen 0.10/turn                (no ring)

@: wereblooded
A: AC +5, unfitting armour, cold-blooded
a: no special abilities


You were on level 2 of the Dungeon.
You visited 1 branch of the dungeon, and saw 2 of its levels.

You collected 68 gold pieces.

Inventory:

Hand Weapons
 b - a +2 short sword of speed
   (You took it off a kobold on level 1 of the Dungeon)
Missiles
 s - 19 stones (quivered)
Jewellery
 i - an amulet of guardian spirit
   (You found it on level 2 of the Dungeon)
Scrolls
 a - a scroll of fear {unknown}
 f - a scroll of identify {unknown}
Potions
 c - a potion of flight {unknown}
 d - a potion of magic {unknown}
 e - 3 potions of resistance {unknown}
 g - 2 potions of heal wounds {unknown}
 h - a potion of might {unknown}
 P - a potion of lignification {!q}


   Skills:
 - Level 1.1 Fighting
 - Level 1.7 Dodging
 + Level 3.5 Unarmed Combat
 - Level 2.0 Spellcasting
 + Level 2.7 Transmutations
 + Level 1.6 Poison Magic


You had 3 spell levels left.
You knew the following spells:

 Your Spells              Type           Power      Damage    Failure   Level
a - Beastly Appendage     Tmut           18%        N/A       8%          1
b - Wereblood             Tmut           9%         N/A       11%         2

Your spell library contained the following spells:

 Spells                   Type           Power      Damage    Failure   Level
 Spider Form              Tmut/Pois      8%         N/A       26%         3
 Frozen Ramparts          Ice            2%         1d1       54%         3
 Summon Guardian Golem    Hex/Summ       1%         N/A       54%         3
 Ice Form                 Ice/Tmut       5%         N/A       77%         4
 Summon Ice Beast         Ice/Summ       1%         N/A       91%         4
 Orb of Destruction       Conj           0%         9d5       100%        7
 Spellforged Servitor     Conj/Summ      0%         N/A       100%        7


Dungeon Overview and Level Annotations

Branches:
Dungeon (2/15)

Altars:

Annotations:
D:2 Terence


Innate Abilities, Weirdness & Mutations

Your plain brown scales are hard. (AC +5)
You cannot fit into any form of body armour.
You are cold-blooded and may be slowed by cold attacks.


Message History

Keep equipping yourself? [Y]es or [N]o only, please.
Keep equipping yourself?
You stop putting on your amulet.
The ball python closely misses you.
You take 2 damage, and have 26/28 hp.
You closely miss the ball python. The ball python barely misses you.
The ball python grabs you. The ball python constricts you.
You grow a pair of large bovine horns.
Your feet morph into talons.
The ball python bites you. The ball python constricts you.
You take 1 damage, and have 25/28 hp.
You now have 5/6 mp.
You hit the ball python.
You kill the ball python!
No target in view!
Unknown command.
No target in view!
No target in view!
Your horns disappear.
Your talons disappear.
You see here a scroll of immolation {!r}.
A hobgoblin comes into view.
The hobgoblin shouts!
The hobgoblin moves out of view.
Health restored: 28; MP restored: 6 A hobgoblin is nearby!
A hobgoblin is nearby!
You grow a pair of large bovine horns.
Your feet morph into talons.
You now have 5/6 mp.
Terence the Incautious comes into view.
He is wielding a +5 short sword of speed.
Terence shouts!
You hear an angry hiss.
The hobgoblin barely misses you.
You barely miss the hobgoblin.
The hobgoblin hits you but does no damage.
You hit the hobgoblin. You claw the hobgoblin.
An adder comes into view.
The hobgoblin hits you.
You take 1 damage, and have 27/28 hp.
You hit the hobgoblin.
You kill the hobgoblin!
Health restored: 28 You throw a stone.
The stone barely misses the adder.
The stone closely misses Terence.
Your blood is infused with primal strength.
The adder bites you but does no damage. x2
You now have 3/6 mp.
You hit the adder. Your kick misses the adder.
Your transformation is almost over.
The adder misses you.
You closely miss the adder. The adder bites you but does no damage.
You hit the adder but do no damage.
Your tail-slap misses the adder.
The adder barely misses you.
You hit the adder. Your headbutt misses the adder.
The adder bites you but does no damage.
You hit the adder. You claw the adder.
You kill the adder!
You howl as the wereblood boils in your veins!
You hit Terence but do no damage. You hit Terence but do no damage.
You tail-slap Terence, but do no damage.
You howl as the wereblood boils in your veins!
Terence completely misses you.
Terence hits you with a +5 short sword of speed.
You take 1 damage, and have 27/28 hp.
You hit Terence. You headbutt Terence.
Terence hits you with a +5 short sword of speed.
You take 6 damage, and have 21/28 hp.
MASSIVE DAMAGE!!
You hit Terence.
Your horns disappear.
Your talons disappear.
Terence hits you with a +5 short sword of speed.
Terence barely misses you.
You take 4 damage, and have 17/28 hp.
You hit Terence.
An endoplasm comes into view.
Terence closely misses you.
You hit Terence but do no damage.
Your tail-slap misses Terence.
Terence drinks a potion.
Terence is healed!
The endoplasm jiggles.
You barely miss Terence.
You howl as the wereblood boils in your veins!
You hear an angry hiss.
Terence barely misses you.
Terence hits you with a +5 short sword of speed.
You take 4 damage, and have 14/28 hp.
You are too injured to fight recklessly!
Unknown command.
You are too injured to fight recklessly!
You are too injured to fight recklessly!
You hit Terence.
Your tail-slap misses Terence.
The endoplasm barely misses you. Terence misses you.
You hit Terence but do no damage.
Terence hits you with a +5 short sword of speed.
The endoplasm freezes you.
You are frozen.
A frilled lizard comes into view.
You take 4 damage, and have 10/28 hp.
You hit Terence but do no damage.
Your tail-slap misses Terence.
You howl as the wereblood boils in your veins!
Terence hits you with a +5 short sword of speed!
You die...

## ## .## ...
..###l... #...
#......# ##...
####J@.# ....
#...@# #...
#.#### ##...
##.# #....
#..# ..#.
#.... ##.##
.#. ######....
#..#
..##......##.
##.##
#.##.#.####..
##?.#
#.##...##....
##..##
##^....##.....


You could see Terence, an endoplasm and a frilled lizard.

Vanquished Creatures
  An adder (D:2)
  A worm (D:2)
  5 bats (D:1)
  4 endoplasms (D:1)
  5 goblins
  3 hobgoblins
  A quokka (D:2)
  3 ball pythons
  A frilled lizard (D:1)
  2 kobolds
  3 rats
29 creatures vanquished.

Notes
Turn   | Place    | Note
-------+----------+-------------------------------------------
     0 | D:1      | OTABOTABOTAB the Draconian Transmuter began the quest for
                  | the Orb.
     0 | D:1      | Reached XP level 1. HP: 16/16 MP: 3/3
   375 | D:1      | Reached XP level 2. HP: 23/23 MP: 3/5
   510 | D:1      | Reached skill level 1 in Poison Magic
   675 | D:1      | Learned a level 2 spell: Wereblood
   709 | D:1      | Found a faded altar of an unknown god.
  1154 | D:2      | Reached XP level 3. HP: 13/28 MP: 2/6
  1333 | D:2      | Noticed Terence
  1354 | D:2      | Slain by Terence

Illustrated notes

Levels and vault maps discovered:
D:1:      ebering_trefoil_3fold, layout_basic, chequers_ecumenical_altar_simple
D:2:      layout_rooms, uniq_terence

Skill      XL: |  1  2 |
---------------+-------+-----
Poison Magic   | 1 |  1.6
Fighting       | |  1.1
Dodging        | |  1.7
Unarmed Combat | |  3.5
Spellcasting   | |  2.0
Transmutations | |  2.7

Action                   || total
-------------------------++-------
Melee: Unarmed           ||    82
       Kick              ||    18
       Headbutt          ||     5
       Tailslap          ||     8
Throw: Stone             ||    17
 Cast: Beastly Appendage ||    24
       Wereblood         ||     1
 Abil: End Transformatio ||    13
  Use: Scroll            ||     1
Armor: Skin              ||    25
Dodge: Dodged            ||    51

Table legend: (Time is in decaauts)
 A = Elapsed time spent in this place.
 B = Non-inter-level travel time spent in this place.
 C = Inter-level travel time spent in this place.
 D = Time resting spent in this place.
 E = Time spent auto-exploring this place.
 F = Levels seen in this place.
 G = Mean time per level.
                   A        B        C        D        E       F      G
               +--------+--------+--------+--------+--------+-----+--------+
         Total |   1352 |   1293 |     59 |    100 |    943 |   2 |  676.0 |
       Dungeon |   1352 |   1293 |     59 |    100 |    943 |   2 |  676.0 |
               +--------+--------+--------+--------+--------+-----+--------+

Top non-repeatable levels by time:
     D:1: 1069 daAuts
     D:2: 283 daAuts

Table legend:
 A = Kills in this place as a percentage of kills in entire the game.
 B = Kills by you in this place as a percentage of kills by you in the entire game.
 C = Kills by friends in this place as a percentage of kills by friends in the entire game.
 D = Other kills in this place as a percentage of other kills in the entire game.
 E = Experience gained in this place as a percentage of experience gained in the entire game.
 F = Experience gained in this place divided by the number of levels of this place that you have seen.
                   A       B       C       D       E      F
               +-------+-------+-------+-------+-------+----------------------
         Total | 100.0 | 100.0 |   N/A |   N/A | 100.0 |  31.0
       Dungeon | 100.0 | 100.0 |   N/A |   N/A | 100.0 |  31.0
               +-------+-------+-------+-------+-------+----------------------
